 Dungeon Crawl Stone Soup version 0.28.0-49-g6dfe1f597d (webtiles) character file.

Game seed: 2688704300928310022

218 issech the Vandal (level 5, -1/38 HPs)
             Began as a Gnoll Wanderer on May 18, 2022.
             Succumbed to a scorpion's poison
             ... in an ossuary.
             The game lasted 00:09:22 (2597 turns).

issech the Vandal (Gnoll Wanderer)                  Turns: 2597, Time: 00:09:22

Health: -1/38      AC: 10    Str: 13    XL:     5   Next: 95%
Magic:  9/9        EV:  9    Int: 10    God:
Gold:   134        SH:  0    Dex: 13    Spells: 10/10 levels left

rFire   . . .      SeeInvis +   m - +2 short sword (freeze)
rCold   . . .      Faith    .   (no shield)
rNeg    . . .      Spirit   .   c - +0 scale mail
rPois   .          Reflect  .   l - +0 helmet
rElec   .          Harm     .   t - +1 cloak
rCorr   .          Rampage  .   (no gloves)
Will    .....                   (no boots)
Stlth   +.........              (no amulet)
HPRegen 0.12/turn               o - ring of see invisible
MPRegen 0.11/turn               (no ring)

@: lethally poisoned (-1 -> -15)
A: fangs 1, strong nose, distributed training
a: no special abilities


You were in an ossuary.
You visited 1 branch of the dungeon, and saw 4 of its levels.
You also visited: Ossuary.

You collected 134 gold pieces.

Inventory:

Hand Weapons
 a - a +0 vorpal hunting sling
 g - a +0 dagger
 k - a +2 dagger of electrocution
 m - a +2 short sword of freezing (weapon)
 q - a +0 great sword
 w - a +1 dagger of speed
Missiles
 b - 33 sling bullets
 d - 78 stones (quivered)
 u - 20 arrows
 v - 6 poisoned darts
Armour
 c - a +0 scale mail (worn)
 l - a +0 helmet (worn)
 t - a +1 cloak (worn)
Magical Staves
 j - a staff of air
Jewellery
 o - a ring of see invisible (left hand)
Scrolls
 e - 2 scrolls of fear
 f - a scroll of silence
 i - 2 scrolls of teleportation
 p - a scroll of fog
 x - a scroll of enchant armour {unknown}
Potions
 h - a potion of attraction {unknown}
 n - 2 potions of brilliance {unknown}
 r - 2 potions of might {unknown}
 s - 2 potions of curing {unknown}
 z - a potion of invisibility {unknown}


   Skills:
 + Level 1.7 Fighting
 + Level 1.7 Short Blades
 + Level 1.7 Long Blades
 + Level 1.7 Axes
 + Level 1.7 Maces & Flails
 + Level 1.7 Polearms
 + Level 1.7 Staves
 + Level 6.7 Slings
 + Level 1.7 Bows
 + Level 1.7 Crossbows
 + Level 1.7 Throwing
 + Level 3.1 Armour
 + Level 1.7 Dodging
 + Level 4.5 Stealth
 + Level 1.7 Shields
 + Level 1.7 Unarmed Combat
 + Level 3.3 Spellcasting
 + Level 5.6 Conjurations
 + Level 1.3 Hexes
 + Level 1.3 Summonings
 + Level 1.3 Necromancy
 + Level 1.3 Translocations
 + Level 1.3 Transmutations
 + Level 1.3 Fire Magic
 + Level 1.3 Ice Magic
 + Level 1.3 Air Magic
 + Level 1.3 Earth Magic
 + Level 1.3 Poison Magic
 + Level 1.9 Invocations
 + Level 1.7 Evocations


You had 10 spell levels left.
You didn't know any spells.
Your spell library contained the following spells:

 Spells                   Type           Power      Damage    Failure   Level
 Searing Ray              Conj           24%        2d5       19%         2
 Static Discharge         Conj/Air       8%         N/A       41%         2
 Cause Fear               Hex            2%         N/A       100%        4
 Dragon Form              Tmut           2%         N/A       100%        7
 Dragon's Call            Summ           2%         N/A       100%        9


Dungeon Overview and Level Annotations

Branches:
Dungeon (4/15)            Ossuary (1/1)
 Temple: D:4-7

Altars:

Shops:
D:2 *


Innate Abilities, Weirdness & Mutations

You have very sharp teeth.
Your uncanny sense of smell can sniff out nearby items.
Your experience applies equally to all skills.


Message History

The scorpion stings you but does no damage.
You closely miss the scorpion. Your bite misses the scorpion.
The scorpion is moderately wounded.
The scorpion stings you.
You closely miss the scorpion.
The scorpion is moderately wounded.
The scorpion stings you but does no damage.
You hit the scorpion. You freeze the scorpion.
The scorpion is moderately wounded.
The scorpion stings you.
You hit the scorpion but do no damage.
The scorpion is moderately wounded.
The scorpion stings you but does no damage.
The scorpion stings you.
You are poisoned.
The scorpion poisons you!
You hit the scorpion but do no damage.
The scorpion is moderately wounded.
You feel very sick. The scorpion barely misses you.
You hit the scorpion but do no damage.
The scorpion is moderately wounded.
You feel sick. The scorpion barely misses you.
You closely miss the scorpion.
The scorpion is moderately wounded.
You feel sick.
The scorpion stings you but does no damage.
You hit the scorpion. You freeze the scorpion.
The scorpion is severely wounded.
You feel sick. The scorpion stings you. The scorpion stings you!
* * * LOW HITPOINT WARNING * * *
You are lethally poisoned!
The scorpion poisons you!
You hit the scorpion. You freeze the scorpion.
You kill the scorpion!
* * * LOW HITPOINT WARNING * * *
You feel very sick.
You hit the hobgoblin zombie.
The hobgoblin zombie is moderately damaged.
You die...

#...8...#
#.......# ∆∆
##8...8##
#.......#
#...8...#
#...#...#
##'###### ##
#...#Z..#...#
#..@ZZ..8...#
#...#.......#
######8...8##
#!?M#.......#
#?..#...8...#
#!?.#...#...#
##+##########


You could see a mummy, a hobgoblin zombie, a gnoll zombie and a human zombie.

Vanquished Creatures
  A scorpion (Ossuary)
  A centaur zombie (Ossuary)
  4 adders
  A worm (D:2)
  3 dart slugs
  6 ball pythons
  7 bats
  8 endoplasms
  13 giant cockroaches
  6 goblins
  5 hobgoblins
  7 kobolds
  4 quokkas
  5 frilled lizards
  An orc zombie (Ossuary)
  2 rats
74 creatures vanquished.

Vanquished Creatures (others)
  4 plants (D:2)
4 creatures vanquished.

Grand Total: 78 creatures vanquished

Notes
Turn   | Place    | Note
-------+----------+-------------------------------------------
     0 | D:1      | issech the Gnoll Wanderer began the quest for the Orb.
     0 | D:1      | issech set off with the following items: a +0 vorpal
                  | hunting sling, 21 sling bullets, a +0 scale mail; and the
                  | following spells available to memorise: Searing Ray, Static
                  | Discharge
     0 | D:1      | Reached XP level 1. HP: 13/13 MP: 4/4
    80 | D:1      | Found a faded altar of an unknown god.
    80 | D:1      | Noticed a floating eye
    83 | D:1      | Noticed an eye of devastation
    90 | D:1      | Noticed a great orb of eyes
   184 | D:1      | Reached XP level 2. HP: 19/19 MP: 5/5
   509 | D:1      | Reached XP level 3. HP: 23/25 MP: 7/7
   577 | D:1      | Noticed a golden eye
  1040 | D:2      | Reached skill level 1 in Invocations
  1084 | D:2      | Reached skill level 1 in Fighting
  1084 | D:2      | Reached skill level 1 in Short Blades
  1084 | D:2      | Reached skill level 1 in Long Blades
  1084 | D:2      | Reached skill level 1 in Axes
  1084 | D:2      | Reached skill level 1 in Maces & Flails
  1084 | D:2      | Reached skill level 1 in Polearms
  1084 | D:2      | Reached skill level 1 in Staves
  1084 | D:2      | Reached skill level 1 in Bows
  1084 | D:2      | Reached skill level 1 in Crossbows
  1084 | D:2      | Reached skill level 1 in Throwing
  1084 | D:2      | Reached skill level 1 in Dodging
  1084 | D:2      | Reached skill level 1 in Shields
  1084 | D:2      | Reached skill level 1 in Unarmed Combat
  1084 | D:2      | Reached skill level 1 in Evocations
  1130 | D:2      | Reached XP level 4. HP: 31/32 MP: 8/8
  1552 | D:2      | Found Batunnint's Assorted Antiques.
  1871 | D:3      | Reached skill level 1 in Hexes
  1871 | D:3      | Reached skill level 1 in Summonings
  1871 | D:3      | Reached skill level 1 in Necromancy
  1871 | D:3      | Reached skill level 1 in Translocations
  1871 | D:3      | Reached skill level 1 in Transmutations
  1871 | D:3      | Reached skill level 1 in Fire Magic
  1871 | D:3      | Reached skill level 1 in Ice Magic
  1871 | D:3      | Reached skill level 1 in Air Magic
  1871 | D:3      | Reached skill level 1 in Earth Magic
  1871 | D:3      | Reached skill level 1 in Poison Magic
  2466 | D:4      | Reached XP level 5. HP: 37/37 MP: 9/9
  2516 | D:4      | Found a sand-covered staircase.
  2520 | Ossuary  | Entered an ossuary
  2596 | Ossuary  | HP: 1/37 [poisoned by a scorpion]
  2597 | Ossuary  | Succumbed to a scorpion's poison

Illustrated notes

Levels and vault maps discovered:
D:1:      dpeg_arrival_signposts, layout_rooms,
          hellmonk_ecumenical_altar_watching_god
D:2:      layout_basic, serial_shops, nicolae_shop_stone, serial_bayou_ford_a
D:3:      minmay_roachtagon, layout_basic, minmay_strange_pillars,
          serial_park_tiny_2
D:4:      layout_loops_corners, mainiacjoe_overflow_concentric_impassable,
          mainiacjoe_overflow_alcove_2, gammafunk_ghost_smash, enter_ossuary_5,
          uniq_sigmund, uniq_ijyb
Ossuary:  ossuary_minmay_scorpions

Skill      XL: |  1  2  3  4  5 |
---------------+----------------+-----
Invocations    | 1 |  1.9
Fighting       | 1 |  1.7
Short Blades   | 1 |  1.7
Long Blades    | 1 |  1.7
Axes           | 1 |  1.7
Maces & Flails | 1 |  1.7
Polearms       | 1 |  1.7
Staves         | 1 |  1.7
Bows           | 1 |  1.7
Crossbows      | 1 |  1.7
Throwing       | 1 |  1.7
Dodging        | 1 |  1.7
Shields        | 1 |  1.7
Unarmed Combat | 1 |  1.7
Evocations     | 1 |  1.7
Spellcasting   | 3 |  3.3
Hexes          | 1 |  1.3
Summonings     | 1 |  1.3
Necromancy     | 1 |  1.3
Translocations | 1 |  1.3
Transmutations | 1 |  1.3
Fire Magic     | 1 |  1.3
Ice Magic      | 1 |  1.3
Air Magic      | 1 |  1.3
Earth Magic    | 1 |  1.3
Poison Magic   | 1 |  1.3
Armour         | 3 |  3.1
Slings         | |  6.7
Stealth        | |  4.5
Conjurations   | |  5.6

Action                   |  1- 3 |  4- 6 || total
-------------------------+-------+-------++-------
Melee: Short sword       |    45 |   136 ||   181
       Bite              |     3 |    10 ||    13
       Hunting sling     |     1 |       ||     1
       Punch             |       |     2 ||     2
 Fire: Hunting sling     |    43 |       ||    43
  Use: Scroll            |       |     4 ||     4
Armor: Scale mail        |    33 |    80 ||   113
Dodge: Dodged            |    27 |    76 ||   103
